 Dungeon Crawl Stone Soup version 0.27.1-3-gb3d3a73c9e (webtiles) character file.

Game seed: 1240100411720995762

45 Descartes the Sneak (level 3, -2/19 HPs)
             Began as a Spriggan Delver on Oct 18, 2021.
             Slain by Grinder (8 damage)
             ... on level 3 of the Dungeon.
             The game lasted 00:01:39 (1218 turns).

Descartes the Sneak (Spriggan Delver)               Turns: 1218, Time: 00:01:39

Health: -2/19      AC:  2    Str:  9    XL:     3   Next: 42%
Magic:  4/4        EV: 18    Int: 11    God:
Gold:   44         SH:  0    Dex: 16    Spells: 2/2 levels left

rFire    . . .     SeeInvis +   a - +0 short sword
rCold    . . .     Faith    .   (shield restricted)
rNeg     . . .     Spirit   .   b - +0 robe
rPois    .         Reflect  .   (helmet restricted)
rElec    .         Harm     .   (no cloak)
rCorr    .         Rampage  .   (gloves unavailable)
Will     .....                  (boots unavailable)
Stlth    ++++......             (no amulet)
HPRegen  0.06/turn              (no ring)
MPRegen  0.09/turn              (no ring)

@: very quick
A: very small, no large weapons, unfitting armour, see invisible, speed 3
a: no special abilities


You were on level 3 of the Dungeon.
You visited 2 branches of the dungeon, and saw 4 of its levels.

You collected 44 gold pieces.

Inventory:

Hand Weapons
 a - a +0 short sword (weapon)
Armour
 b - a +0 robe (worn)
Wands
 g - a wand of digging (3)
Scrolls
 c - a scroll of fog
 d - 2 scrolls of magic mapping
 e - 2 scrolls of fear
 h - a scroll of immolation {unknown}
 j - a scroll of vulnerability {unknown}
Potions
 f - a potion of haste
 i - a potion of flight {unknown}
 k - a potion of curing {unknown}


   Skills:
 - Level 2.4 Fighting
 + Level 3.0 Short Blades
 + Level 3.6 Dodging
 + Level 7.9 Stealth


You had 2 spell levels left.
You didn't know any spells.
Your spell library was empty.

Dungeon Overview and Level Annotations

Branches:
Dungeon (5/15)             Temple (1/1) D:5

Altars:
Ashenzari
Cheibriados
Elyvilon
Fedhas
Gozag
Hepliaklqana
Makhleb
Nemelex Xobeh
Okawaru
Qazlal
Trog
Uskayaw
Wu Jian
Xom
Zin
The Shining One

Annotations:
D:3 Grinder


Innate Abilities, Weirdness & Mutations

You are very small and have problems with some larger weapons.
You are too small for most types of armour.
You have supernaturally acute eyesight. (SInv)
You cover ground extremely quickly. (Speed+++)


Message History

The orc barely misses you.
You hit the orc but do no damage.
The orc is severely wounded.
The orc completely misses you.
You hit the orc but do no damage.
The orc is severely wounded.
The orc closely misses you.
You hit the orc but do no damage.
The orc is severely wounded.
The orc completely misses you.
You hit the orc.
You kill the orc!
Things that are here:
a +0 short sword; a +2 chain mail of cold resistance
Found a stone staircase leading down.
Found 29 sling bullets.
d - 2 scrolls of magic mapping (gained 1)
Found 13 gold pieces.
You see here 29 sling bullets.
You now have 44 gold pieces (gained 13).
Found a stone staircase leading up.
There is a stone staircase leading up here.
Found a bubbling ruby potion.
k - a bubbling ruby potion Grinder comes into view.
Grinder shouts!
Grinder says, "Wait up."
Grinder closely misses you.
You hit Grinder.
Grinder is lightly wounded.
Grinder gestures at you. Pain shoots through your body!
Ouch! That really hurt!
You closely miss Grinder.
Grinder is lightly wounded.
Grinder misses you.
You hit Grinder but do no damage.
Grinder is lightly wounded.
Grinder hits you!
You die...

####.####
##.##
#...#
#..## ##
#.## ###.
#.# ...
#.#
#5####.#
#.@....#
########


You could see Grinder.

Vanquished Creatures
  An iguana (D:4)
  An adder skeleton (D:4)
  2 orcs (D:3)
  A giant cockroach (D:3)
  3 kobolds (D:4)
  4 ball pythons
  2 goblins
14 creatures vanquished.

Vanquished Creatures (others)
  A scorpion (D:5)
1 creature vanquished.

Grand Total: 15 creatures vanquished

Notes
Turn   | Place    | Note
-------+----------+-------------------------------------------
     0 | D:5      | Descartes the Spriggan Delver began the quest for the Orb.
     0 | D:5      | Reached XP level 1. HP: 11/11 MP: 2/2
     4 | D:5      | Found a staircase to the Ecumenical Temple.
     9 | D:5      | Killed a scorpion
    14 | Temple   | Entered the Ecumenical Temple
   125 | D:5      | Noticed an ogre
   380 | D:4      | Reached XP level 2. HP: 16/16 MP: 3/3
   388 | D:4      | Reached XP level 3. HP: 19/19 MP: 4/4
   526 | D:4      | Noticed a sky beast
  1211 | D:3      | Noticed Grinder
  1218 | D:3      | Slain by Grinder

Illustrated notes

Levels and vault maps discovered:
D:3:      layout_loops_cross, uniq_ijyb, uniq_grinder
D:4:      layout_basic
D:5:      layout_rooms, minmay_temple_entry_gardened_gates,
          lemuel_flamethrower_2
Temple:   lightli_temple_of_artemis

Skill      XL: |  1  2  3 |
---------------+----------+-----
Dodging        | 3 |  3.6
Short Blades   | 3 |  3.0
Fighting       | |  2.4
Stealth        | |  7.9

Action                   || total
-------------------------++-------
Melee: Short sword       ||    63
 Stab: Sleeping          ||     4
Armor: Robe              ||     4
Dodge: Dodged            ||    50
